 Dungeon Crawl Stone Soup version 0.24.1-14-gf8d2b509d9 (console) character file.

Game seed: 1000973689580419030, levelgen mode: deterministic

95557 Kagalorn the Blocker (level 16, 0/125 HPs)
             Began as a Gnoll Wanderer on Aug 18, 2020.
             Was the Champion of Ashenzari.
             Slain by an orc knight
             ... wielding a +0 great mace
              (18 damage)
             ... on level 2 of the Orcish Mines on Aug 20, 2020.
             The game lasted 01:44:32 (34941 turns).

Kagalorn the Blocker (Gnoll Wanderer)              Turns: 34941, Time: 01:44:34

Health: 0/125      AC: 18    Str: 14    XL:     16   Next: 14%
Magic:  30/30      EV: 20    Int: 19    God:    Ashenzari [******]
Gold:   2141       SH: 17    Dex: 18    Spells: 18/36 levels left

rFire    + . .     SeeInvis +   w - +3 broad axe (flame)
rCold    . . .     Gourm    .   G - +1 shield {rPois} (curse)
rNeg     . . .     Faith    .   J - +2 leather armour {MR+}
rPois    +         Spirit   .   p - +0 helmet
rElec    .         Reflect  +   M - +2 cloak {rF+} (curse)
rCorr    .         Harm     .   c - +1 pair of gloves
MR       ++...     Clarity  +   (no boots)
Stlth    +++++.....             e - +2 amulet of reflection (curse)
HPRegen  0.30/turn              n - ring of wizardry (curse)
MPRegen  0.22/turn              r - +5 ring of protection (curse)

@: studying Shields
A: distributed training, fangs 1, strong nose
a: Curse Item, Scrying, Renounce Religion


You were on level 2 of the Orcish Mines.
You worshipped Ashenzari.
Ashenzari was exalted by your worship.
You were not hungry.

You visited 4 branches of the dungeon, and saw 24 of its levels.
You also visited: Bailey and Volcano.

You collected 2141 gold pieces.

Inventory:

Hand Weapons
 a - the +8 whip "Snakebite" {curare, rPois}
   (You found it on level 4 of the Lair of Beasts)

   It poisons the flesh of those it strikes.
   It protects you from poison.
 b - a +0 rapier of flaming
 w - a +3 broad axe of flaming (weapon)
Missiles
 t - 7 silver javelins (quivered)
 I - 119 bolts
Armour
 c - a +1 pair of gloves (worn)
 o - a +2 shield of fire resistance
 p - a +0 helmet (worn)
 C - a +3 leather armour of fire resistance
 G - a cursed +1 shield of poison resistance (worn)
 J - a +2 leather armour of magic resistance (worn)
 M - a cursed +2 cloak of fire resistance (worn)
Jewellery
 d - an uncursed ring of ice
 e - a cursed +2 amulet of reflection (around neck)
 m - an uncursed ring of positive energy
 n - a cursed ring of wizardry (left hand)
 r - a cursed +5 ring of protection (right hand)
 T - a +5 ring of intelligence
 V - an uncursed ring of protection from magic
Wands
 x - a wand of iceblast (58)
 O - a wand of digging (19)
 W - a wand of polymorph (16)
Scrolls
 i - 3 scrolls of amnesia
 j - 2 scrolls of fog
 l - 8 scrolls of identify
 v - 7 scrolls of remove curse
 y - 3 scrolls of fear
 z - 9 scrolls of teleportation
 D - a scroll of silence
 F - a scroll of enchant armour
 K - a scroll of vulnerability
 Q - 2 scrolls of blinking
 X - a scroll of magic mapping
Potions
 g - 3 potions of berserk rage
 h - 5 potions of haste
 k - 4 potions of resistance
 q - 8 potions of curing
 s - 2 potions of lignification
 u - 2 potions of agility
 A - 2 potions of brilliance
 B - 2 potions of ambrosia
 L - 2 potions of flight
 P - 4 potions of magic
 R - a potion of invisibility
 S - 2 potions of might
 U - 2 potions of heal wounds
 Y - a potion of mutation
Books
 E - a manual of Shields
Miscellaneous
 H - a phantom mirror
 N - 2 boxes of beasts
Comestibles
 f - 43 rations
 Z - 2 chunks of flesh


   Skills:
 + Level 11.3 Fighting
 + Level 10.4 Short Blades
 + Level 10.4 Long Blades
 + Level 10.4 Axes
 + Level 10.4 Maces & Flails
 + Level 10.4 Polearms
 + Level 10.4 Staves
 + Level 10.4 Slings
 + Level 10.4 Bows
 + Level 10.4 Crossbows
 + Level 10.4 Throwing
 + Level 10.4 Armour
 + Level 10.4 Dodging
 + Level 10.7 Stealth
 + Level 14.0(16.6) Shields
 + Level 11.3 Unarmed Combat
 + Level 10.8 Spellcasting
 + Level 8.8(13.2) Conjurations
 + Level 8.8(13.2) Hexes
 + Level 8.8(13.2) Charms
 + Level 8.8(13.2) Summonings
 + Level 8.8(13.2) Necromancy
 + Level 8.8(13.2) Translocations
 + Level 8.8(13.2) Transmutations
 + Level 8.8(13.2) Fire Magic
 + Level 8.8(13.2) Ice Magic
 + Level 8.8(13.2) Air Magic
 + Level 9.6(13.9) Earth Magic
 + Level 8.8(13.2) Poison Magic
 + Level 11.2 Invocations
 + Level 10.4(14.6) Evocations


You had 18 spell levels left.
You knew the following spells:

 Your Spells              Type           Power        Failure   Level  Hunger
a - Lee's Rapid Deconstr  Erth           ######....   1%          5    ####...
b - Petrify               Tmut/Erth      ######..     1%          4    ##.....
g - Passwall              Tmut/Erth      ######..     1%          2    None
h - Invisibility          Hex            ######..     2%          6    ######.
i - Apportation           Tloc           ######       1%          1    None

Your spell library contained the following spells:

 Spells                   Type           Power        Failure   Level  Hunger
 Beastly Appendage        Tmut           ######       1%          1    None
 Corona                   Hex            ######.      1%          1    None
 Magic Dart               Conj           ####         1%          1    None
 Sandblast                Erth           ######       1%          1    None
 Summon Butterflies       Summ           ######..     1%          1    None
 Ensorcelled Hibernation  Hex/Ice        ######       1%          2    None
 Slow                     Hex            ######..     1%          2    None
 Sticks to Snakes         Tmut           ######..     1%          2    None
 Swiftness                Chrm/Air       ######..     1%          2    None
 Throw Frost              Conj/Ice       ######       1%          2    None
 Confuse                  Hex            ######..     1%          3    None
 Dazzling Spray           Conj/Hex       ######       1%          3    None
 Inner Flame              Hex/Fire       ######..     1%          3    None
 Lesser Beckoning         Tloc           ######....   1%          3    None
 Portal Projectile        Hex/Tloc       ######       1%          3    None
 Spider Form              Tmut/Pois      ######....   1%          3    None
 Stone Arrow              Conj/Erth      ######       1%          3    None
 Tukima's Dance           Hex            ######..     1%          3    None
 Cause Fear               Hex            ######....   1%          4    ##.....
 Ice Form                 Ice/Tmut       ######..     1%          4    ##.....
 Leda's Liquefaction      Hex/Erth       ######....   1%          4    ##.....
 Passage of Golubria      Tloc           N/A          1%          4    ##.....
 Alistair's Intoxication  Tmut/Pois      ######..     1%          5    ####...
 Blade Hands              Tmut           ######....   1%          5    ####...
 Bolt of Cold             Conj/Ice       ######....   2%          6    ######.
 Darkness                 Hex            ######....   2%          6    ######.


Dungeon Overview and Level Annotations

Branches:
Dungeon (15/15)            Temple (1/1) D:7            Lair (6/6) D:8
 Shoals (0/4) Lair:4       Spider (0/4) Lair:4        Slime (0/5) Lair:6
    Orc (2/2) D:9             Elf (0/3) Orc:2        Vaults (0/5) D:13
 Depths (0/5) D:15         Bailey (visited)         Volcano (visited)

Altars:
Ashenzari
Cheibriados
Dithmenos
Elyvilon
Fedhas
Gozag
Hepliaklqana
Kikubaaqudgha
Makhleb
Nemelex Xobeh
Okawaru
Qazlal
Ru
Sif Muna
Trog
Uskayaw
Vehumet
Wu Jian
Xom
Yredelemnul
Zin
The Shining One
Beogh
Jiyva

Shops:
D:7 %   D:8 }

Annotations:
D:12 3 runed translucent doors, Vocvodeh's ghost, journeyman TrMo
Lair:3 exclusion: oklob plant
Lair:4 2 transporters, Kuerar's ghost, journeyman BaFi


Innate Abilities, Weirdness & Mutations

Your experience applies equally to all skills.
You have very sharp teeth.
Your uncanny sense of smell can sniff out nearby items.


Message History

You burn the orc knight. You hit the sixfirhy. You burn the sixfirhy.
The soul eater hits you. You block the orc sorcerer's attack.
You hit the orc sorcerer but do no damage.
The orc sorcerer is lightly wounded.
You hit the soul eater but do no damage.
You completely miss the orc knight. You slash the sixfirhy!
You burn the sixfirhy.
The soul eater draws from the surrounding life force!
The soul eater is healed.
The orc knight hits you with a +0 great mace!
* * * LOW HITPOINT WARNING * * *
The orc sorcerer hits you but does no damage.
The soul eater barely misses you.
The orc sorcerer no longer looks unusually strong.
You block the sixfirhy's attack. The sixfirhy hits you!
* * * LOW HITPOINT WARNING * * *
The sixfirhy shocks you!
* * * LOW HITPOINT WARNING * * *
The orc knight hits you with a +0 great mace!!
You die...

** *#.....##...... * ,
,, ** , .............
, , , ,, * * *
...........,,, ,,, , ,
, ,, * ##........, *,
,, ,, , * ##.#......#
,,+ { ,* ,, , ,,
#......$..# ,*,{,_* ,,
, ,, ., ##....oh..###
##* *,, , ,
..##....433o...#,.. ,,
, ,
,,.........##@..$#.##*
, , , .....#*
##......##,,,, , , ,
,,
,....#####.......#*, ,
, * ,
**+*#..##..........,
,,
,,**,,,*#..#.....#####
** ,, * ,,, ##.......#
{ ,, , , ,, ,{,
,{,#.......+ 8{ , , ,
,,,,*{ { {,{#.......#
{ { ,,, ,,,,*,{
{,#....##.#** * _*


You could see an orc knight, a soul eater, a sixfirhy, a chaos spawn, a warg and
an orc sorcerer.

Vanquished Creatures
  2 tengu reavers (D:14)
  An emperor scorpion (D:15)
  A dire elephant (D:15)
  A red draconian (Volcano)
  An ice dragon (D:13)
  8 hydras
  An ogre mage (D:15)
  5 two-headed ogres
  2 dancing weapons (D:13)
  2 centaur warriors
  3 death knights
  A tengu warrior (D:15)
  3 death yaks (Lair:5)
  An orc high priest (Orc:1)
  A salamander mystic (Volcano)
  A skeletal warrior (D:14)
  A shadow wraith (D:14)
  4 unseen horrors
  An orc knight (Bailey)
  Pikel (D:4)
  A deep elf mage (D:12)
  An orb spider (Volcano)
  7 ugly things
  An orc sorcerer (Orc:2)
  4 salamanders
  A wolf spider (D:14)
  4 cyclopes
  2 manticores
  4 black mambas
  A guardian serpent (shapeshifter) (D:14)
  2 torpor snails
  3 rime drakes
  30 spiny frogs
  3 gargoyles
  A kobold demonologist (D:13)
  6 komodo dragons
  2 freezing wraiths (D:14)
  An efreet (D:14)
  A harpy zombie (D:14)
  3 meliai (D:14)
  2 queen bees
  4 tyrant leeches (Lair:6)
  7 trolls
  A polar bear (Lair:6)
  28 blink frogs
  Prince Ribbit (D:4)
  A hornet (D:14)
  6 slime creatures (D:15)
  12 hippogriffs
  13 dream sheep
  A centaur simulacrum (D:15)
  3 wraiths
  2 wyverns (D:15)
  A shadow (D:7)
  A tarantella (Lair:4)
  29 yaks
  A vampire (D:11)
  Sigmund (D:3)
  A basilisk (Lair:4)
  13 vampire mosquitoes
  A golden eye (shapeshifter) (D:14)
  3 hungry ghosts
  Edmund (D:5)
  21 water moccasins
  26 orc warriors
  6 porcupines
  3 black bears
  2 eyes of draining
  4 phantoms
  5 sky beasts
  4 ice beasts
  2 slaves
  A necrophage (D:7)
  8 ogres
  15 wolves
  7 centaurs
  13 crocodiles
  4 big kobolds
  36 bullfrogs
  2 gnoll sergeants
  A wyvern zombie (D:13)
  A wyvern skeleton (D:14)
  A hornet simulacrum (D:15)
  9 scorpions
  54 killer bees
  19 wights
  2 electric eels
  A howler monkey (D:7)
  A howler monkey (shapeshifter) (D:14)
  15 crimson imps
  A quasit (D:7)
  A centaur zombie (D:10)
  14 orc priests
  6 hounds
  9 jellies
  26 orc wizards
  2 bullfrog skeletons (D:5)
  Jessica (D:3)
  7 centaur skeletons
  Ijyb (D:3)
  3 iguanas
  Natasha (twice) (D:2)
  10 worker ants
  A killer bee zombie (D:7)
  A hound zombie (D:6)
  A hound skeleton (D:9)
  Robin (D:4)
  A worker ant zombie (D:11)
  11 gnolls
  18 adders
  10 shadow imps
  5 oozes (D:10)
  4 adder skeletons
  2 worms
  5 dart slugs
  11 leopard geckos
  72 orcs
  8 bats
  2 giant cockroaches
  21 goblins
  18 hobgoblins
  16 jackals
  8 quokkas
  4 frilled lizards
  14 kobolds
  A leopard gecko skeleton (D:6)
  4 rats (D:2)
  A plant (D:14)
838 creatures vanquished.

Vanquished Creatures (others)
  An orc warrior (Bailey)
  2 killer bees (D:14)
  2 orcs (Bailey)
  21 fungi
  57 plants
83 creatures vanquished.

Grand Total: 921 creatures vanquished

Notes
Turn   | Place    | Note
-------+----------+-------------------------------------------
     0 | D:1      | Kagalorn the Gnoll Wanderer began the quest for the Orb.
     0 | D:1      | Kagalorn set off with the following items: a +0 dagger, 2
                  | scrolls of teleportation, a +0 robe, a ration; and the
                  | following spell memorised: Sandblast; and the following
                  | spells available to memorise: Passwall, Stone Arrow,
                  | Petrify, Lee's Rapid Deconstruction
     0 | D:1      | Reached XP level 1. HP: 20/20 MP: 4/4
   305 | D:1      | Reached XP level 2. HP: 19/26 MP: 5/5
  1082 | D:1      | Learned a level 2 spell: Passwall
  1252 | D:2      | Reached XP level 3. HP: 31/31 MP: 7/7
  1276 | D:2      | Noticed a phantom
  1339 | D:2      | Reached skill level 1 in Invocations
  1655 | D:2      | Killed a phantom
  1655 | D:2      | Reached skill level 1 in Short Blades
  1655 | D:2      | Reached skill level 1 in Long Blades
  1655 | D:2      | Reached skill level 1 in Axes
  1655 | D:2      | Reached skill level 1 in Maces & Flails
  1655 | D:2      | Reached skill level 1 in Polearms
  1655 | D:2      | Reached skill level 1 in Staves
  1655 | D:2      | Reached skill level 1 in Slings
  1655 | D:2      | Reached skill level 1 in Bows
  1655 | D:2      | Reached skill level 1 in Crossbows
  1655 | D:2      | Reached skill level 1 in Throwing
  1655 | D:2      | Reached skill level 1 in Armour
  1655 | D:2      | Reached skill level 1 in Dodging
  1655 | D:2      | Reached skill level 1 in Conjurations
  1655 | D:2      | Reached skill level 1 in Hexes
  1655 | D:2      | Reached skill level 1 in Charms
  1655 | D:2      | Reached skill level 1 in Summonings
  1655 | D:2      | Reached skill level 1 in Necromancy
  1655 | D:2      | Reached skill level 1 in Translocations
  1655 | D:2      | Reached skill level 1 in Transmutations
  1655 | D:2      | Reached skill level 1 in Fire Magic
  1655 | D:2      | Reached skill level 1 in Ice Magic
  1655 | D:2      | Reached skill level 1 in Air Magic
  1655 | D:2      | Reached skill level 1 in Poison Magic
  1655 | D:2      | Reached skill level 1 in Evocations
  1655 | D:2      | Reached XP level 4. HP: 25/38 MP: 0/8
  1655 | D:2      | Reached XP level 5. HP: 29/43 MP: 0/9
  2067 | D:2      | Found a glowing golden altar of the Shining One.
  2069 | D:2      | Noticed Natasha
  2178 | D:2      | Reached XP level 6. HP: 47/50 MP: 10/10
  2320 | D:2      | Killed Natasha
  2493 | D:2      | Noticed Natasha
  2498 | D:2      | Killed Natasha
  2498 | D:2      | Reached skill level 5 in Fighting
  2498 | D:2      | Reached skill level 5 in Shields
  2498 | D:2      | Reached skill level 5 in Unarmed Combat
  2884 | D:3      | Noticed Jessica
  2889 | D:3      | Killed Jessica
  3024 | D:3      | Noticed Ijyb
  3043 | D:3      | Killed Ijyb
  3547 | D:3      | Noticed Sigmund
  3664 | D:4      | Reached XP level 7. HP: 54/56 MP: 12/12
  3737 | D:4      | Noticed Robin
  3750 | D:4      | Killed Robin
  4185 | D:4      | Found a sparkling altar of Nemelex Xobeh.
  4404 | D:4      | Reached XP level 8. HP: 63/63 MP: 9/14
  4506 | D:5      | Entered Level 5 of the Dungeon
  4506 | D:5      | Noticed Prince Ribbit
  4634 | D:4      | Killed Prince Ribbit
  4782 | D:5      | Got a shadowed robe
  4826 | D:4      | Identified the +0 robe "Riokhost" {rCorr Str+7 Slay-2} (You
                  | found it on level 5 of the Dungeon)
  4997 | D:5      | Noticed Edmund
  5004 | D:5      | Learned a level 4 spell: Petrify
  5017 | D:5      | Killed Edmund
  5404 | D:5      | Found a shadowy altar of Dithmenos.
  5412 | D:5      | Found a blossoming altar of Fedhas.
  5430 | D:5      | Noticed Pikel
  5483 | D:4      | Killed Pikel
  5483 | D:4      | Reached skill level 6 in Shields
  5483 | D:4      | Reached skill level 5 in Earth Magic
  5483 | D:4      | Reached XP level 9. HP: 36/69 MP: 7/16
  5960 | D:3      | Killed Sigmund
  5960 | D:3      | Reached skill level 5 in Spellcasting
  6171 | D:6      | Found a bloodstained altar of Trog.
  6249 | D:6      | Got a faintly humming scale mail
  6260 | D:6      | Identified the +0 scale mail "Husadi" {rC+ Int-3 SInv} (You
                  | found it on level 6 of the Dungeon)
  6989 | D:7      | Reached skill level 5 in Stealth
  6993 | D:7      | Found a flagged portal.
  7006 | Bailey   | Entered a bailey
  7688 | Bailey   | Learned a level 5 spell: Lee's Rapid Deconstruction
  7928 | Bailey   | Reached skill level 5 in Invocations
  8426 | Bailey   | Reached XP level 10. HP: 10/77 MP: 4/18
  8872 | Bailey   | Noticed an orc knight
  9246 | Bailey   | Killed an orc knight
  9246 | Bailey   | Reached skill level 5 in Short Blades
  9246 | Bailey   | Reached skill level 5 in Long Blades
  9246 | Bailey   | Reached skill level 5 in Axes
  9246 | Bailey   | Reached skill level 5 in Maces & Flails
  9246 | Bailey   | Reached skill level 5 in Polearms
  9246 | Bailey   | Reached skill level 5 in Staves
  9246 | Bailey   | Reached skill level 5 in Slings
  9246 | Bailey   | Reached skill level 5 in Bows
  9246 | Bailey   | Reached skill level 5 in Crossbows
  9246 | Bailey   | Reached skill level 5 in Throwing
  9246 | Bailey   | Reached skill level 5 in Armour
  9246 | Bailey   | Reached skill level 5 in Dodging
  9246 | Bailey   | Reached skill level 7 in Shields
  9246 | Bailey   | Reached skill level 5 in Evocations
  9261 | Bailey   | Got a crude bardiche
  9265 | Bailey   | Identified a scroll of acquirement
  9457 | D:7      | Identified the +11 bardiche of Qaagot {chop, rPois rC+ rN+
                  | Str-5} (You found it in a bailey)
  9660 | D:7      | Noticed a gargoyle
  9683 | D:7      | Killed a gargoyle
 11051 | D:7      | Found Ujukups's Food Emporium.
 11063 | D:7      | Reached skill level 8 in Shields
 11489 | D:7      | Found a staircase to the Ecumenical Temple.
 11495 | Temple   | Entered the Ecumenical Temple
 11686 | Temple   | Became a worshipper of Ashenzari the Shackled
 11830 | D:7      | Reached XP level 11. HP: 78/84 MP: 20/20
 12392 | D:8      | Found Iselean's Gadget Shop.
 12711 | D:8      | Found a staircase to the Lair.
 12754 | D:8      | Reached * piety under Ashenzari
 13266 | D:9      | Reached skill level 5 in Conjurations
 13266 | D:9      | Reached skill level 5 in Hexes
 13266 | D:9      | Reached skill level 5 in Charms
 13266 | D:9      | Reached skill level 5 in Summonings
 13266 | D:9      | Reached skill level 5 in Necromancy
 13266 | D:9      | Reached skill level 5 in Translocations
 13266 | D:9      | Reached skill level 5 in Transmutations
 13266 | D:9      | Reached skill level 5 in Fire Magic
 13266 | D:9      | Reached skill level 5 in Ice Magic
 13266 | D:9      | Reached skill level 5 in Air Magic
 13266 | D:9      | Reached skill level 5 in Poison Magic
 13458 | D:9      | Found a radiant altar of Vehumet.
 14152 | D:9      | Found a staircase to the Orcish Mines.
 14256 | D:10     | Entered Level 10 of the Dungeon
 14950 | Lair:1   | Entered Level 1 of the Lair of Beasts
 15309 | Lair:1   | Noticed a four-headed hydra
 15697 | D:8      | Killed a four-headed hydra
 15697 | D:8      | Reached skill level 9 in Shields
 16212 | Lair:1   | Identified the Incunabulum of Curses and Combat Magic
 16529 | Lair:2   | Reached ** piety under Ashenzari
 16809 | Lair:2   | Reached XP level 12. HP: 73/93 MP: 6/23
 17441 | Lair:3   | Found a dark tunnel.
 17470 | Volcano  | Entered a volcano
 17487 | Volcano  | Noticed a red draconian
 17515 | Volcano  | Killed a red draconian
 17815 | Volcano  | Reached skill level 10 in Shields
 17956 | Volcano  | Got the long sword of Light {holy, *Slow Dex+8 SInv}
 17957 | Volcano  | Identified the +7 long sword of Light {holy, *Slow Dex+8
                  | SInv} (You found it in a volcano)
 18077 | Lair:3   | Reached *** piety under Ashenzari
 20209 | Lair:4   | Reached XP level 13. HP: 101/101 MP: 21/25
 20640 | Lair:4   | Noticed Kuerar's ghost (journeyman BaFi)
 20661 | Lair:4   | Found a transporter.
 20661 | Lair:4   | Found a transporter.
 20664 | Lair:4   | Reached skill level 11 in Shields
 21289 | Lair:4   | Found a hole to the Spider Nest.
 21598 | Lair:4   | Found the +8 whip "Snakebite" {curare, rPois}
 21915 | Lair:4   | Found a staircase to the Shoals.
 22310 | Lair:5   | Reached **** piety under Ashenzari
 23451 | Lair:6   | Entered Level 6 of the Lair of Beasts
 23707 | Lair:5   | Reached XP level 14. HP: 75/109 MP: 27/27
 23979 | Lair:6   | Found a staircase to the Slime Pits.
 23980 | Lair:6   | Found a viscous altar of Jiyva.
 24073 | Lair:5   | Reached skill level 12 in Shields
 24551 | Lair:6   | Reached skill level 10 in Fighting
 24551 | Lair:6   | Reached skill level 10 in Unarmed Combat
 25785 | Lair:6   | Reached skill level 10 in Invocations
 26667 | D:11     | Found a sacrificial altar of Ru.
 26839 | D:11     | Reached ***** piety under Ashenzari
 27766 | D:12     | Learned a level 1 spell: Apportation
 27773 | D:12     | Learned a level 6 spell: Invisibility
 27912 | D:12     | Found a runed translucent gate.
 27913 | D:12     | Found a runed translucent gate.
 27914 | D:12     | Found a runed translucent gate.
 27915 | D:12     | Noticed Vocvodeh's ghost (journeyman TrMo)
 28970 | D:13     | Reached XP level 15. HP: 114/117 MP: 28/28
 29032 | D:13     | Reached skill level 10 in Spellcasting
 29062 | D:13     | Found a gate to the Vaults.
 29199 | D:13     | Reached skill level 13 in Shields
 29681 | D:14     | Reached skill level 10 in Stealth
 31413 | D:14     | Noticed a tengu reaver
 31447 | D:14     | Killed a tengu reaver
 31609 | D:14     | Noticed a tengu reaver
 31618 | D:14     | Killed a tengu reaver
 31618 | D:14     | Reached skill level 10 in Short Blades
 31618 | D:14     | Reached skill level 10 in Long Blades
 31618 | D:14     | Reached skill level 10 in Axes
 31618 | D:14     | Reached skill level 10 in Maces & Flails
 31618 | D:14     | Reached skill level 10 in Polearms
 31618 | D:14     | Reached skill level 10 in Staves
 31618 | D:14     | Reached skill level 10 in Slings
 31618 | D:14     | Reached skill level 10 in Bows
 31618 | D:14     | Reached skill level 10 in Crossbows
 31618 | D:14     | Reached skill level 10 in Throwing
 31618 | D:14     | Reached skill level 10 in Armour
 31618 | D:14     | Reached skill level 10 in Dodging
 31618 | D:14     | Reached skill level 10 in Evocations
 32055 | D:15     | Entered Level 15 of the Dungeon
 32471 | D:15     | Noticed an emperor scorpion
 32487 | D:15     | Found a staircase to the Depths.
 32526 | D:15     | Killed an emperor scorpion
 33490 | D:15     | Reached XP level 16. HP: 125/125 MP: 30/30
 34257 | Orc:1    | Entered Level 1 of the Orcish Mines
 34370 | Orc:1    | Reached skill level 14 in Shields
 34470 | Orc:1    | Found a roughly hewn altar of Beogh.
 34581 | Orc:2    | Entered Level 2 of the Orcish Mines
 34713 | Orc:2    | Reached ****** piety under Ashenzari
 34941 | Orc:2    | Slain by an orc knight

Levels and vault maps discovered:
D:1:      saegor_arrival_simple_e, layout_loops_ring
D:2:      layout_loops_ring, lemuel_round_altar, columned_hall_lemuel,
          minmay_tetromino_o4, uniq_natasha
D:3:      layout_basic, chequers_mini_garden, uniq_ijyb, uniq_jessica,
          uniq_sigmund
D:4:      layout_loops_cross, chequers_decorated_corner,
          nemelex_lonely_heart_becter, uniq_robin
D:5:      layout_rooms, nicolae_overflow_hidden_temple, first_ration,
          minivault_4, uniq_edmund, uniq_prince_ribbit1, uniq_pikel
D:6:      layout_cave_pods, trog_hazing_becter
D:7:      minmay_the_grid_plus [minmay_the_grid_garden, minmay_the_grid_expand,
          minmay_the_grid_odd_star, minmay_the_grid_x,
          minmay_the_grid_prize_big_room], layout_loops_corners,
          minmay_temple_entry_fiery, serial_shops, nicolae_shop_stone,
          enter_bailey_2
D:8:      layout_basic, lair_entry_dummy, serial_shops, shop
D:9:      layout_roguey, vehumet_altar_wand_db, hiddenorc1_lemuel
D:10:     layout_roguey, hangedman_little_slice_of_home
D:11:     layout_basic, hangedman_abyss_or_decor_lesser_grid,
          nicolae_ru_sacrificial_ziggurat
D:12:     layout_roguey, gammafunk_ghost_spectres, serial_park_tiny_pond,
          glass_columns_c, minmay_nine_imps
D:13:     layout_irregular_city, erik_vaults_1, roderic_lattice_a
D:14:     regret_index_wax_grids, layout_loops_ring,
          hangedman_decor_diamond_cutter, minmay_misc_feat_columns
D:15:     hangedman_depths_entry_try_elsewhere_first, layout_basic
Temple:   dpeg_five_rooms_temple
Lair:1:   layout_loops_ring
Lair:2:   layout_chaotic_city, lemuel_fruit_fields
Lair:3:   layout_roguey [special_room_bee], enter_volcano_1,
          chequers_serial_rivers_room_a, minmay_lair_oklob_chamber,
          infiniplex_staircase_pool
Lair:4:   minmay_guarded_unrand_snakebite, layout_cave_shapes,
          elwin_shoals_entry_rooms, spider_nest_entry_rubble,
          gammafunk_ghost_hive, grunt_megastairs_1
Lair:5:   cheibrodos_lair_river_kwai, layout_regular_city, grunt_megastairs_5
Lair:6:   minmay_lair_end_frog_pond, layout_cave_pods, slime_altar_1
Orc:1:    layout_diamond_mine, basic_altar
Orc:2:    grunt_orc_community_town_hall, layout_diamond_mine,
          grunt_orc_community_big_house_1, grunt_orc_community_big_house_2,
          grunt_orc_community_house_3, grunt_orc_community_house_3,
          grunt_orc_community_house_2, grunt_orc_community_house_1,
          grunt_orc_community_house_2, grunt_orc_community_house_2

Skill      XL: |  1  2  3  4  5  6  7  8  9 10 11 12 13 14 15 16 |
---------------+-------------------------------------------------+-----
Invocations    | 1 2 3 4 5 6 7 8 9 10 11 | 11.2
Short Blades   | 1 2 3 4 5 6 7 8 9 10 | 10.4
Long Blades    | 1 2 3 4 5 6 7 8 9 10 | 10.4
Axes           | 1 2 3 4 5 6 7 8 9 10 | 10.4
Maces & Flails | 1 2 3 4 5 6 7 8 9 10 | 10.4
Polearms       | 1 2 3 4 5 6 7 8 9 10 | 10.4
Staves         | 1 2 3 4 5 6 7 8 9 10 | 10.4
Slings         | 1 2 3 4 5 6 7 8 9 10 | 10.4
Bows           | 1 2 3 4 5 6 7 8 9 10 | 10.4
Crossbows      | 1 2 3 4 5 6 7 8 9 10 | 10.4
Throwing       | 1 2 3 4 5 6 7 8 9 10 | 10.4
Armour         | 1 2 3 4 5 6 7 8 9 10 | 10.4
Dodging        | 1 2 3 4 5 6 7 8 9 10 | 10.4
Spellcasting   | 3 4 5 6 7 8 9 10 | 10.8
Conjurations   | 1 2 3 4 5 6 7 8 |  8.8
Hexes          | 1 2 3 4 5 6 7 8 |  8.8
Charms         | 1 2 3 4 5 6 7 8 |  8.8
Summonings     | 1 2 3 4 5 6 7 8 |  8.8
Necromancy     | 1 2 3 4 5 6 7 8 |  8.8
Translocations | 1 2 3 4 5 6 7 8 |  8.8
Transmutations | 1 2 3 4 5 6 7 8 |  8.8
Fire Magic     | 1 2 3 4 5 6 7 8 |  8.8
Ice Magic      | 1 2 3 4 5 6 7 8 |  8.8
Air Magic      | 1 2 3 4 5 6 7 8 |  8.8
Poison Magic   | 1 2 3 4 5 6 7 8 |  8.8
Evocations     | 1 2 3 4 5 6 7 8 9 10 | 10.4
Earth Magic    | 4 5 6 7 8 9 |  9.6
Stealth        | 3 4 5 6 7 8 9 10 | 10.7
Fighting       | 5 6 7 8 9 10 11 | 11.3
Shields        | 5 6 8 9 10 11 12 13 14 | 14.0
Unarmed Combat | 5 6 7 8 9 10 11 | 11.3

Action                   |  1- 3 |  4- 6 |  7- 9 | 10-12 | 13-15 | 16-18 || total
-------------------------+-------+-------+-------+-------+-------+-------++-------
Melee: Dagger            |    22 |       |       |       |       |       ||    22
       Bite              |     6 |    16 |    29 |   123 |   244 |    27 ||   445
       Punch             |     3 |     2 |     3 |    21 |       |       ||    29
       Short sword       |    60 |   174 |   270 |   530 |       |       ||  1034
       Trident           |       |    25 |    38 |       |       |       ||    63
       Demon blade       |       |       |       |   179 |       |       ||   179
       Bardiche          |       |       |       |     5 |       |       ||     5
       Broad axe         |       |       |       |   243 |   644 |   160 ||  1047
       Rapier            |       |       |       |    45 |   110 |       ||   155
       Whip              |       |       |       |       |  1000 |     5 ||  1005
 Fire: Arbalest          |       |       |    19 |       |       |       ||    19
 Cast: Sandblast         |    17 |    30 |    91 |    26 |       |       ||   164
       Petrify           |       |       |    12 |    51 |    44 |     1 ||   108
       Lee's Rapid Decon |       |       |     2 |    16 |    26 |       ||    44
       Invisibility      |       |       |       |       |     1 |       ||     1
       Passwall          |       |       |       |       |     1 |       ||     1
Invok: Curse Item        |       |       |       |     5 |       |       ||     5
Evoke: Wand              |       |       |     1 |     3 |     3 |       ||     7
  Use: Scroll            |       |       |     9 |    15 |    11 |       ||    35
       Potion            |       |       |     1 |       |       |       ||     1
 Stab: Sleeping          |     3 |     9 |    12 |    31 |    33 |     4 ||    92
       Distracted        |       |       |     1 |     2 |     7 |       ||    10
       Petrified         |       |       |     6 |    55 |    77 |       ||   138
       Petrifying        |       |       |     1 |    10 |    17 |       ||    28
       Invisible         |       |       |       |       |     2 |       ||     2
  Eat: Chunk             |     2 |     7 |     4 |    31 |    32 |     6 ||    82
       Ration            |       |       |     4 |     8 |     7 |       ||    19
Armor: Robe              |    11 |    69 |    63 |    43 |       |       ||   186
       Leather armour    |       |       |       |   171 |   301 |    23 ||   495
Dodge: Dodged            |    47 |   149 |   185 |   566 |   687 |    52 ||  1686
Block: Other             |     4 |    26 |    15 |    21 |       |       ||    66
       Shield            |       |       |    77 |   507 |  1260 |   122 ||  1966
       Reflection        |       |       |    18 |     1 |     9 |     3 ||    31
       Rpst.: Demon blade |       |       |       |    39 |       |       ||    39
